 Dungeon Crawl Stone Soup version 0.26.1-11-gd32895ea62 (webtiles) character file.

Game seed: 4778790258060588338

1109184 jlumianski the End of an Era (level 27, -35/219 HPs)
             Began as a Gnoll Warper on July 22, 2021.
             Was the Champion of Qazlal.
             Annihilated by an Orb Guardian (48 damage)
             ... on level 5 of the Realm of Zot on Aug 26, 2021.
             The game lasted 1 day 01:28:45 (147972 turns).

jlumianski the End of an Era (Gnoll Warper)   Turns: 147972, Time: 1 , 01:28:46

Health: -35/219    AC: 35    Str: 15      XL:     27
Magic:  52/52      EV: 28    Int: 25      God:    Qazlal [******]
Gold:   8074       SH: 21    Dex: 15 (16) Spells: 7/76 levels left

rFire    + + .     SeeInvis +   a - +9 broad axe (spect)
rCold    . . .     Faith    .   Q - +3 buckler {reflect}
rNeg     + . .     Spirit   .   S - quicksilver dragon scales "Cysty" {rN+ Will+}
rPois    +         Reflect  +   O - +1 helmet {SInv}
rElec    .         Harm     .   H - +2 cloak {Will+}
rCorr    .         Rampage  .   u - +2 pair of gloves {Str+3}
Will     ++++.     Rnd*Rage +   y - +2 pair of boots "Berumnowal" {rPois rF+}
Stlth    ++........             M - amulet of Vitality {Regen+ HP+15}
HPRegen  0.86/turn              t - +4 ring of slaying
MPRegen  0.33/turn              P - +4 ring of slaying

@: marked, wereblooded, protected from physical damage, studying Poison Magic,
repel missiles
A: distributed training, fangs 1, icy blue scales 1, berserk 1, clumsy 1,
deformed body, deterioration 1, fire resistance 1, frail 1, screaming 2, weak 1,
no potion heal 2, subdued magic 1, strong nose
}: 6/15 runes: decaying, serpentine, slimy, silver, obsidian, icy
a: Renounce Religion, Upheaval, Elemental Force, Disaster Area


You were on level 5 of the Realm of Zot.
You worshipped Qazlal.
Qazlal was exalted by your worship.
You visited 18 branches of the dungeon, and saw 82 of its levels.
You visited the Abyss 4 times.
You visited 1 ziggurat, and saw 12 of its levels.
You also visited: Ice Cave.

You collected 11887 gold pieces.
You spent 3813 gold pieces at shops.

Inventory:

Hand Weapons
 a - a +9 spectral broad axe (weapon)
Missiles
 e - 21 boomerangs of dispersal
 f - 2 throwing nets
 A - 50 boomerangs (quivered)
Armour
 u - a +2 pair of gloves of strength (worn)
 y - the +2 pair of boots "Berumnowal" (worn) {rPois rF+}
   (You bought it in a shop on level 2 of the Orcish Mines)

   It protects you from fire.
   It protects you from poison.
 H - a +2 cloak of willpower (worn)
 O - a +1 helmet of see invisible (worn)
 Q - a +3 buckler of reflection (worn)
 S - the quicksilver dragon scales "Cysty" (worn) {rN+ Will+}
   (You found it on level 3 of the Elven Halls)

   It protects you from negative energy.
   It affects your willpower, your defense against some magical effects.
Jewellery
 t - a +4 ring of slaying (left hand)
 K - an uncursed ring of resist corrosion
 M - the amulet of Vitality (around neck) {Regen+ HP+15}
   (You bought it in a shop on level 2 of the Orcish Mines)

   [amulet of regeneration]

   It affects your health (+15).
   It increases your rate of regeneration.
 P - a +4 ring of slaying (right hand)
Wands
 j - a wand of disintegration (14)
 s - a wand of digging (15)
 x - a wand of flame (12)
 z - a wand of enslavement (10)
 L - a wand of iceblast (49)
 Y - a wand of acid (71)
Scrolls
 b - 4 scrolls of holy word
 g - a scroll of remove curse
 h - 44 scrolls of teleportation
 i - 7 scrolls of silence
 k - 3 scrolls of summoning
 l - 13 scrolls of magic mapping
 n - 2 scrolls of enchant armour
 o - 2 scrolls of blinking
 p - 19 scrolls of identify
 q - a scroll of immolation
 r - 10 scrolls of fear
 E - 15 scrolls of fog
Potions
 c - 5 potions of haste
 v - 5 potions of invisibility
 w - 31 potions of curing
 B - a potion of flight
 C - a potion of berserk rage
 I - 6 potions of heal wounds
 V - 8 potions of magic
Books
 G - a manual of Poison Magic
Miscellaneous
 d - a phial of floods
 m - the horn of Geryon
 D - a condenser vane
 F - a tin of tremorstones (2/2)


   Skills:
 + Level 25.1 Fighting
 + Level 24.9 Short Blades
 + Level 24.9 Long Blades
 + Level 25.1 Axes
 + Level 24.9 Maces & Flails
 + Level 24.9 Polearms
 + Level 25.0 Staves
 + Level 24.9 Slings
 + Level 25.0 Bows
 + Level 24.9 Crossbows
 + Level 25.0 Throwing
 + Level 25.0 Armour
 + Level 25.1 Dodging
 + Level 24.9 Stealth
 + Level 24.9 Shields
 + Level 24.9 Unarmed Combat
 + Level 25.2 Spellcasting
 + Level 21.7 Conjurations
 + Level 21.7 Hexes
 + Level 21.7 Summonings
 + Level 21.7 Necromancy
 + Level 22.1 Translocations
 + Level 24.4 Transmutations
 + Level 21.7 Fire Magic
 + Level 21.7 Ice Magic
 + Level 21.7 Air Magic
 + Level 21.7 Earth Magic
 + Level 25.3 Poison Magic
 + Level 26.6 Invocations
 + Level 24.9 Evocations


You had 7 spell levels left.
You knew the following spells:

 Your Spells              Type           Power        Failure   Level
a - Blink                 Tloc           N/A          0%          2
b - Gell's Gravitas       Tloc           41%          0%          3
c - Iskenderun's Mystic   Conj/Tloc      83%          0%          4
d - Mephitic Cloud        Conj/Pois/Air  85%          0%          3
e - Ignite Poison         Fire/Tmut/Pois 86%          0%          3
f - Irradiate             Conj/Tmut      42%          0%          5
g - Wereblood             Tmut           87%          0%          2
h - Statue Form           Tmut/Erth      56%          0%          6
i - Freezing Cloud        Conj/Ice/Air   41%          0%          6
j - Lehudib's Crystal Sp  Conj/Erth      41%          1%          8
k - Borgnjor's Vile Clut  Necr/Erth      41%          0%          5
l - Necromutation         Tmut/Necr      42%          1%          8
n - Borgnjor's Revivific  Necr           41%          1%          8
o - Iron Shot             Conj/Erth      41%          0%          6

Your spell library contained the following spells:

 Spells                   Type           Power        Failure   Level
 Animate Skeleton         Necr           100%         0%          1
 Apportation              Tloc           100%         0%          1
 Beastly Appendage        Tmut           100%         0%          1
 Corona                   Hex            91%          0%          1
 Freeze                   Ice            100%         0%          1
 Magic Dart               Conj           100%         0%          1
 Pain                     Necr           100%         0%          1
 Sandblast                Erth           100%         0%          1
 Shock                    Conj/Air       100%         0%          1
 Sting                    Tmut/Pois      100%         0%          1
 Summon Small Mammal      Summ           100%         0%          1
 Call Imp                 Summ           82%          0%          2
 Corpse Rot               Necr/Air       N/A          0%          2
 Ensorcelled Hibernation  Hex/Ice        100%         0%          2
 Passwall                 Tmut/Erth      70%          0%          2
 Poisonous Vapours        Pois/Air       100%         0%          2
 Searing Ray              Conj           100%         0%          2
 Slow                     Hex            82%          0%          2
 Sublimation of Blood     Necr           41%          0%          2
 Swiftness                Air            82%          0%          2
 Confusing Touch          Hex            82%          0%          3
 Conjure Flame            Conj/Fire      82%          0%          3
 Dazzling Flash           Conj/Hex       100%         0%          3
 Frozen Ramparts          Ice            100%         0%          3
 Inner Flame              Hex/Fire       82%          0%          3
 Lesser Beckoning         Tloc           41%          0%          3
 Ozocubu's Armour         Ice            82%          0%          3
 Portal Projectile        Hex/Tloc       100%         0%          3
 Spider Form              Tmut/Pois      44%          0%          3
 Static Discharge         Conj/Air       82%          0%          3
 Stone Arrow              Conj/Erth      100%         0%          3
 Summon Guardian Golem    Hex/Summ       82%          0%          3
 Teleport Other           Tloc           83%          0%          3
 Tukima's Dance           Hex            82%          0%          3
 Vampiric Draining        Necr           41%          0%          3
 Animate Dead             Necr           41%          0%          4
 Cause Fear               Hex            41%          0%          4
 Dispel Undead            Necr           82%          0%          4
 Fulminant Prism          Conj/Hex       41%          0%          4
 Hailstorm                Conj/Ice       82%          0%          4
 Ice Form                 Ice/Tmut       85%          0%          4
 Leda's Liquefaction      Hex/Erth       41%          0%          4
 Olgreb's Toxic Radiance  Pois           89%          0%          4
 Passage of Golubria      Tloc           N/A          0%          4
 Petrify                  Tmut/Erth      85%          0%          4
 Sticky Flame             Conj/Fire      82%          0%          4
 Summon Ice Beast         Ice/Summ       82%          0%          4
 Summon Lightning Spire   Summ/Air       82%          0%          4
 Agony                    Necr           82%          0%          5
 Alistair's Intoxication  Tmut/Pois      58%          0%          5
 Blade Hands              Tmut           43%          0%          5
 Bolt of Magma            Conj/Fire/Erth 41%          0%          5
 Excruciating Wounds      Necr           41%          0%          5
 Fireball                 Conj/Fire      41%          0%          5
 Lee's Rapid Deconstruct  Erth           41%          0%          5
 Lightning Bolt           Conj/Air       41%          0%          5
 Metabolic Englaciation   Hex/Ice        41%          0%          5
 Silence                  Hex/Air        41%          0%          5
 Summon Demon             Summ           41%          0%          5
 Summon Forest            Summ/Tloc      41%          0%          5
 Summon Mana Viper        Hex/Summ       82%          0%          5
 Yara's Violent Unravell  Hex/Tmut       42%          0%          5
 Conjure Ball Lightning   Conj/Air       41%          0%          6
 Death Channel            Necr           41%          0%          6
 Eringya's Noxious Bog    Tmut/Pois      44%          0%          6
 Hydra Form               Tmut           43%          0%          6
 Invisibility             Hex            82%          0%          6
 Shadow Creatures         Summ           N/A          0%          6
 Simulacrum               Ice/Necr       41%          0%          6
 Starburst                Conj/Fire      41%          0%          6
 Dragon Form              Tmut           43%          1%          7
 Haunt                    Necr/Summ      41%          1%          7
 Summon Hydra             Summ           41%          1%          7
 Chain Lightning          Conj/Air       41%          1%          8
 Discord                  Hex            41%          1%          8
 Ignition                 Fire           41%          1%          8
 Infestation              Necr           41%          1%          8
 Absolute Zero            Ice            41%          16%         9
 Death's Door             Necr           41%          16%         9
 Fire Storm               Conj/Fire      41%          16%         9
 Shatter                  Erth           41%          16%         9
 Tornado                  Air            41%          16%         9


Dungeon Overview and Level Annotations

Branches:
Dungeon (15/15)            Temple (1/1) D:6            Lair (6/6) D:8
  Swamp (4/4) Lair:4        Snake (4/4) Lair:3        Slime (5/5) Lair:5
    Orc (2/2) D:10            Elf (3/3) Orc:2        Vaults (5/5) D:14
  Crypt (3/3) Vaults:2       Tomb (1/3) Crypt:3      Depths (5/5) D:15
   Hell (visited)             Dis (7/7) Hell            Geh (7/7) Hell
    Coc (7/7) Hell            Tar (1/7) Hell            Zot (5/5) Depths:5
  IceCv (visited)

Altars:
Ashenzari
Cheibriados
Dithmenos
Elyvilon
Fedhas
Gozag
Hepliaklqana
Kikubaaqudgha
Makhleb
Nemelex Xobeh
Okawaru
Qazlal
Ru
Sif Muna
Trog
Uskayaw
Vehumet
Wu Jian
Xom
Yredelemnul
Zin
The Shining One
Jiyva

Shops:
D:6 *   Orc:2 =*[(   Elf:2 [   Snake:3 !   Vaults:1 =:[*   Vaults:5 !
Depths:1 }   Depths:4 [*(:

Portals:
Hell: Depths:1 Depths:2 Depths:3 Depths:4 Depths:5
Abyss: Depths:1 Depths:4 Depths:5
Pandemonium: Depths:3

Annotations:
Dis:7 Serpent of Hell


Innate Abilities, Weirdness & Mutations

Your experience applies equally to all skills.
You have very sharp teeth.
Your uncanny sense of smell can sniff out nearby items.
You are partially covered in icy blue scales. (AC +2)
You tend to lose your temper in combat.
You are clumsy. (Dex -2)
Armour fits poorly on your strangely shaped body.
Your body sometimes deteriorates upon taking damage.
Your flesh is heat resistant. (rF+)
You are frail. (-10% HP)
You sometimes yell uncontrollably at your foes.
You are weak. (Str -2)
Potions are poor at restoring your health.
Your spells are a little easier to cast, but a little less powerful.


Message History

The Orb Guardian hits you but does no damage.
Your spectral weapon is engulfed in blazing flames.
The Orb Guardian hits you!!
* * * LOW HITPOINT WARNING * * *
You feel more protected from physical attacks.
You block the Orb Guardian's attack.
Your spectral weapon is engulfed in blazing flames.
Okay, then.
Your system partially rejects the healing.
You feel much better. You block the Orb Guardian's attack.
The Orb Guardian hits you!
* * * LOW HITPOINT WARNING * * *
Your spectral weapon is engulfed in blazing flames.
The Orb Guardian hits you.
* * * LOW HITPOINT WARNING * * *
You block the Orb Guardian's attack.
Your system partially rejects the healing.
You feel much better. You block the Orb Guardian's attack. x2
The Orb Guardian hits you!!!
You die... .**... *L.. yyX

▓ #.# ######▓▓▓▓ #
#*###........# #
#..*.*.......# #
#####L§......# # #°XX°○...#
# #.(@.....##+### #
###○○.§.........# ########
#.'.○○≈§≈.......#
.......#####.#..≈≈≈≈.......#
.......'.....#..≈≈≈≈.......+
.......#####.#..≈≈≈≈.[...).#
.......# #.#.............#
.......# #.##+####...)...#
.......# #.##.##
#.......'..#


You could see 2 orbs of fire, an ancient lich, 2 Orb Guardians and a friendly +9
spectral broad axe (summoned).

Vanquished Creatures
  Antaeus (Coc:7)
  Asmodeus (Geh:7)
  the Royal Jelly (Slime:5)
  7 ancient liches
  An orb of fire (Zot:2)
  Mara (Swamp:3)
  3 juggernauts
  Mennas (Depths:4)
  A pandemonium lord (Zig:9)
  Sojobo (Vaults:4)
  3 royal mummies
  Boris (Depths:3)
  Frederick (Crypt:1)
  7 Killer Klowns
  Xtahua (Vaults:4)
  5 curse toes
  Geryon (Hell)
  Bai Suzhen (Vaults:4)
  41 shard shrikes
  Vashnia (Snake:2)
  3 caustic shrikes
  14 golden dragons
  23 bone dragons
  3 profane servitors (Abyss:1)
  The ghost of dtburroughs the Severer, an adept MiBe of Trog (Vaults:3)
  8 Tzitzimimeh
  2 doom hounds (Tar:1)
  6 iron giants
  49 Brimstone Fiends
  16 liches
  18 tentacled monstrosities
  8 Hell Sentinels
  2 electric golems (Zot:4)
  46 Ice Fiends
  5 deep elf blademasters
  5 hellephants
  7 Orb Guardians (Zot:5)
  7 quicksilver dragons
  6 deep elf master archers (Elf:3)
  A quicksilver dragon (shapeshifter) (Vaults:5)
  19 acid blobs
  7 ancient champions
  8 sphinxes
  7 titans
  Gastronok (D:11)
  A sphinx (shapeshifter) (Zig:7)
  2 Executioners (Dis:1)
  Murray (Depths:1)
  Kirke (Snake:1)
  7 death cobs
  25 tentacled starspawn
  16 storm dragons
  14 tengu reavers
  Donald (D:14)
  9 shadow dragons
  The ghost of Seits the Bludgeoner, an adept MiFi of the Shining One (Snake:3)
  2 thorn hunters
  The ghost of Cunur the Fencer, an adept OpFi of Gozag (Swamp:3)
  19 azure jellies
  7 nagarajas
  Roxanne (Swamp:1)
  3 draconian monks
  2 fenstrider witches (Swamp:2)
  A fire giant (shapeshifter) (Zig:7)
  23 fire giants
  7 deep elf sorcerers
  11 iron dragons
  24 frost giants
  7 draconian scorchers
  2 ghost moths
  2 revenants
  6 deep elf elementalists
  A corrupter (Zig:4)
  Louise (Snake:4)
  6 cacodemons
  3 draconian knights
  11 vault wardens
  4 curse skulls
  7 draconian shifters
  A caustic shrike zombie (Zig:12)
  2 orc warlords
  24 balrugs
  2 angels (Abyss:2)
  29 very ugly things
  89 reapers
  5 draconian annihilators
  5 elemental wellsprings
  8 ironheart preservers
  A draconian stormcaller (Zot:2)
  17 war gargoyles
  27 stone giants
  17 vampire knights
  19 black draconians
  7 green draconians
  2 bennus (Zig:12)
  4 lorocyprocas
  13 yellow draconians
  2 entropy weavers
  5 bunyips
  4 deep elf annihilators
  A minotaur (Vaults:4)
  A dire elephant (D:14)
  6 deep elf demonologists
  7 purple draconians
  12 white draconians
  8 spark wasps
  9 red draconians
  3 eidola
  A merfolk javelineer (Zig:8)
  2 crystal guardians (Depths:3)
  23 blizzard demons
  7 deep elf death magi
  18 fire dragons
  6 mummy priests
  An eleionoma (shapeshifter) (Zig:7)
  7 death oozes
  3 eleionomae
  16 ettins
  12 jiangshi
  2 shambling mangroves
  3 green deaths
  A merfolk impaler (Zig:8)
  17 yaktaur captains
  3 kraken zombies
  22 great orbs of eyes
  16 quicksilver dragon zombies
  4 deep elf high priests
  40 vault guards
  30 ice dragons
  31 hydras
  17 naga warriors
  10 boulder beetles
  8 quicksilver dragon skeletons
  4 hell beasts
  12 rakshasas
  9 spriggan air magi
  4 ghost crabs
  4 catoblepae
  6 death knights
  An alligator snapping turtle (Zot:2)
  10 anacondas
  27 two-headed ogres
  A two-headed ogre (shapeshifter) (Depths:2)
  An anaconda (shapeshifter) (Zot:2)
  2 merfolk aquamancers (Zig:8)
  9 centaur warriors
  72 hell hogs
  12 ogre magi
  34 dancing weapons
  11 tengu warriors
  10 alligators
  17 death yaks
  The ghost of Pusix the Blocker, a novice GnFi of Okawaru (Lair:1)
  9 vampire magi
  5 deep troll shamans
  A death scarab (Zig:12)
  4 deep troll earth magi
  A satyr (shapeshifter) (Vaults:1)
  11 naga sharpshooters
  16 spriggan berserkers
  A satyr (Abyss:4)
  15 titan zombies
  4 orc high priests
  11 thrashing horrors
  8 titan skeletons
  13 storm dragon zombies
  7 shock serpents
  2 iron golems (Dis:7)
  13 soul eaters
  31 sun demons
  31 deep elf knights
  Nergalle (Lair:4)
  5 sixfirhies
  98 hell knights
  166 skeletal warriors
  4 ghost moth zombies
  3 salamander mystics
  28 anaconda zombies
  2 spatial maelstroms
  7 iron trolls
  6 goliath frogs
  5 shadow wraiths
  4 unseen horrors
  65 starcursed masses
  11 storm dragon skeletons
  7 golden dragon zombies
  5 naga ritualists (Snake:4)
  8 glowing orange brains
  16 wretched stars
  12 golden dragon skeletons
  A sea snake (Zig:8)
  12 deep trolls
  9 swamp dragons
  4 tengu zombies
  A kraken simulacrum (Hell)
  A deep troll (shapeshifter) (Vaults:3)
  3 sea snakes (shapeshifter)
  5 shadow demons
  5 spriggan druids
  23 deep elf archers
  A torturous demonspawn (Depths:3)
  24 phantasmal warriors
  14 flayed ghosts
  9 shadow dragon zombies
  18 anaconda skeletons
  A lindwurm (Lair:4)
  5 bog bodies
  8 wolf spider zombies
  17 ironbrand convokers
  32 necromancers
  6 harpies
  6 wizards
  16 orc knights
  62 deep elf magi
  10 orc sorcerers
  8 shining eyes
  7 manticores
  43 ugly things
  9 cyclopes
  8 shadow dragon skeletons
  17 iron dragon zombies
  3 mana vipers
  3 wolf spiders
  14 worldbinders
  9 will-o-the-wisps
  An orb spider (shapeshifter) (Vaults:5)
  8 iron dragon skeletons
  11 fire giant zombies
  17 frost giant zombies
  15 stone giant zombies
  21 moths of wrath
  10 salamanders
  21 black mambas
  2 guardian serpents (shapeshifter)
  16 stone giant skeletons
  A salamander (shapeshifter) (Depths:3)
  Maurice (D:10)
  A titan simulacrum (Coc:4)
  10 frost giant skeletons
  6 shock serpent zombies
  9 elephants
  15 vault sentinels
  7 gargoyles
  8 apocalypse crabs
  12 dire elephant zombies
  3 water nymphs
  5 eyes of devastation
  5 guardian serpents
  18 fire giant skeletons
  40 rust devils
  6 centaur zombies
  5 molten gargoyles
  Maggie (Lair:2)
  27 naga magi
  2 torpor snails
  2 storm dragon simulacra
  5 catoblepas zombies
  52 large abominations
  7 cane toads
  26 smoke demons
  3 emperor scorpion zombies
  A shock serpent skeleton (Geh:3)
  A cane toad (shapeshifter) (Vaults:5)
  15 dire elephant skeletons
  2 purple draconian zombies (Crypt:2)
  A komodo dragon (shapeshifter) (Elf:3)
  2 yaktaurs (shapeshifter)
  7 orange demons
  3 elf zombies
  48 hellions
  3 rime drakes
  83 freezing wraiths
  A kobold demonologist (D:11)
  45 yaktaurs
  10 komodo dragons
  2 spriggan zombies
  16 efreet
  12 ancient zymes
  A yellow draconian skeleton (Geh:1)
  67 ice devils
  66 tormentors
  A death yak skeleton (Crypt:1)
  4 anaconda simulacra
  7 harpy zombies
  4 tengu conjurers
  9 hellwings
  12 guardian mummies
  31 hydra zombies
  7 trolls
  A pale draconian skeleton (Crypt:2)
  47 red devils
  A silent spectre (Tar:1)
  18 polar bears
  8 tyrant leeches
  A polar bear (shapeshifter) (D:14)
  A jumping spider (shapeshifter) (D:14)
  4 catoblepas skeletons
  5 harpy skeletons
  A wind drake (shapeshifter) (Vaults:3)
  23 blink frogs
  5 merfolk (Zig:8)
  112 slime creatures
  21 hydra skeletons
  A wind drake (Zig:8)
  A snapping turtle (Zig:8)
  21 hornets
  15 ice dragon zombies
  2 wolf spider simulacra
  17 alligator zombies
  12 ettin zombies
  A dream sheep (shapeshifter) (Depths:4)
  3 stone giant simulacra
  40 raiju
  8 fire dragon zombies
  An iron dragon simulacrum (Coc:5)
  A frost giant simulacrum (Vaults:5)
  2 black mamba zombies
  21 ettin skeletons
  13 alligator skeletons
  12 fire dragon skeletons
  A spriggan (shapeshifter) (Depths:2)
  215 flying skulls
  4 vampires
  77 wraiths
  A dire elephant simulacrum (Coc:2)
  3 wyverns
  8 ice dragon skeletons
  23 water elementals
  8 air elementals
  47 shadows
  11 ynoxinuls
  15 spriggans
  11 ushabtiu
  9 fire bats
  4 golden eyes (Abyss:1)
  A human (shapeshifter) (Abyss:1)
  2 black mamba skeletons
  72 yaks
  10 chaos spawn
  6 hogs (Snake:1)
  Grum (D:8)
  3 basilisks
  14 neqoxecs
  8 vampire mosquitoes
  15 swamp worms
  52 fire elementals
  7 wargs
  Edmund (D:6)
  5 spatial vortices
  A naga (shapeshifter) (Vaults:1)
  4 hydra simulacra
  A soldier ant (D:11)
  A water moccasin (shapeshifter) (Vaults:3)
  144 hell hounds
  41 nagas
  2 floating eyes
  A gelid demonspawn skeleton (Crypt:2)
  12 water moccasins
  2 floating eyes (shapeshifter)
  25 cane toad zombies
  4 merfolk skeletons
  10 swamp drakes
  5 swamp dragon zombies
  32 ice beasts
  4 sky beasts
  17 phantoms
  12 cane toad skeletons
  4 ogre skeletons
  A fire dragon simulacrum (Coc:3)
  42 orc warriors
  11 eyes of draining
  A sky beast (shapeshifter) (Depths:2)
  A boggart (Vaults:2)
  6 manticore zombies
  25 ogres
  16 necrophages
  11 snapping turtle zombies
  2 swamp dragon skeletons
  17 wolves
  12 snapping turtle skeletons
  22 centaurs
  A draconian zombie (Crypt:2)
  4 big kobolds
  9 manticore skeletons
  19 bullfrogs
  4 elf skeletons
  A gnoll sergeant (D:5)
  A water moccasin zombie (D:9)
  A cane toad simulacrum (Coc:6)
  7 earth elementals
  5 scorpions
  A water moccasin skeleton (Crypt:2)
  A manticore simulacrum (Coc:2)
  15 killer bees
  2 human simulacra
  2 spriggan skeletons (Coc:6)
  167 wights
  3 electric eels (Lair:1)
  11 crimson imps
  11 quasits
  2 bullfrog zombies
  A basilisk zombie (Crypt:1)
  42 iron imps
  6 centaur skeletons
  6 hounds
  13 jellies
  24 orc priests
  A soldier ant zombie (Crypt:2)
  3 bullfrog skeletons
  5 human zombies
  7 iguanas
  4 human skeletons
  29 orc wizards
  5 lightning spires (Zot:4)
  17 hell rats
  10 worker ants
  2 killer bee zombies
  3 naga zombies
  An ogre zombie (Dis:3)
  59 small abominations
  4 tengu skeletons
  A naga skeleton (Geh:4)
  A hound zombie (Crypt:1)
  34 mummies
  15 adders
  6 gnolls
  A howler monkey skeleton (D:7)
  7 shadow imps
  43 white imps
  12 ufetubi
  2 oozes (Abyss:2)
  An iguana zombie (Crypt:2)
  4 adder skeletons
  2 adder zombies
  2 worms (D:3)
  3 dart slugs
  5 leopard geckos
  103 orcs
  4 ball pythons
  10 bats
  8 giant cockroaches
  4 goblins
  5 hobgoblins
  3 jackals (D:1)
  3 quokkas
  6 frilled lizards
  28 kobolds
  A kobold skeleton (D:9)
  2 kobold zombies
  6 orc skeletons
  3 orc zombies
  A quokka zombie (D:4)
  8 rats
  A butterfly (Lair:3)
  2 fire vortices (Geh:7)
  A lurking horror (Abyss:1)
  35 starspawn tentacles
  8 tentacles
5800 creatures vanquished.

Vanquished Creatures (collateral kills)
  A vault warden (Vaults:1)
  A deep elf sorcerer (Vaults:3)
  A fire dragon (Depths:2)
  A naga sharpshooter (Snake:2)
  A golden dragon zombie (Geh:6)
  A naga ritualist (Snake:4)
  An ugly thing (D:14)
  A rust devil (Dis:5)
  A vault sentinel (Vaults:1)
  A hellion (Dis:5)
  A redback (Vaults:3)
  A naga (Snake:2)
  A hell hound (Dis:5)
  A floating eye (shapeshifter) (Vaults:1)
  3 orc warriors (Orc:2)
  An orc priest (Orc:2)
  An orc wizard (Orc:2)
  An orc (Orc:2)
20 creatures vanquished.

Vanquished Creatures (others)
  A deep elf sorcerer (Depths:3)
  A draconian shifter (Zot:4)
  Aizul (Snake:2)
  A war gargoyle (Depths:3)
  An ironheart preserver (Vaults:3)
  2 elemental wellsprings
  A yellow draconian (Zot:2)
  A spark wasp (Zot:4)
  2 deep elf annihilators (Vaults:3)
  2 ettins
  A yaktaur captain (Vaults:5)
  A naga warrior (Snake:4)
  A ghost crab (Zig:5)
  4 hell hogs
  A spriggan berserker (Depths:2)
  An orc knight (Vaults:5)
  A necromancer (Abyss:1)
  An orc sorcerer (Vaults:1)
  2 deep elf magi
  A shock serpent zombie (Geh:7)
  A black mamba (Snake:2)
  A gargoyle (Crypt:3)
  A naga mage (Snake:4)
  A freezing wraith (Vaults:5)
  A demonic crawler (Hell)
  A tormentor (Coc:5)
  2 bloated husks
  A polar bear (IceCv)
  A human (D:9)
  A merfolk (Zig:8)
  A raiju (Abyss:2)
  A slime creature (D:15)
  A blink frog (shapeshifter) (Elf:2)
  2 flying skulls (Coc:7)
  3 shadows
  3 wraiths
  A ynoxinul (Abyss:4)
  4 yaks
  2 fire elementals
  A fire bat (Abyss:1)
  A naga (Snake:4)
  A warg (Depths:1)
  A hell hound (Geh:7)
  2 necrophages
  An orc warrior (Vaults:5)
  A boggart (Depths:2)
  A snapping turtle skeleton (Geh:6)
  2 small abominations (Abyss:2)
  3 wights
  A troll skeleton (Geh:7)
  A centaur skeleton (Geh:5)
  An orc wizard (Orc:2)
  A naga zombie (Geh:6)
  A white imp (D:9)
  An ufetubus (Abyss:2)
  An adder skeleton (D:9)
  4 orcs (D:9)
  A kobold (D:14)
  5 ball lightnings (Zot:4)
  70 foxfires
  38 fungi
  3 lurking horrors
  122 plants
  43 starspawn tentacles
  11 tentacles
  3 toadstools (D:3)
  41 withered plants (Crypt:3)
418 creatures vanquished.

Grand Total: 6238 creatures vanquished

Notes
Turn   | Place    | Note
-------+----------+-------------------------------------------
     0 | D:1      | jlumianski the Gnoll Warper began the quest for the Orb.
     0 | D:1      | Reached XP level 1. HP: 20/20 MP: 6/6
   131 | D:1      | Reached XP level 2. HP: 11/26 MP: 7/7
  1284 | D:2      | Reached XP level 3. HP: 31/31 MP: 9/9
  1295 | D:2      | Reached skill level 5 in Spellcasting
  1301 | D:2      | Learned a level 2 spell: Blink
  1305 | D:2      | Learned a level 3 spell: Gell's Gravitas
  1389 | D:2      | Found a broken altar of Ashenzari.
  1497 | D:2      | Found a burning altar of Makhleb.
  1497 | D:2      | Found a shadowy altar of Dithmenos.
  1498 | D:2      | Found a snail-covered altar of Cheibriados.
  1655 | D:2      | Reached skill level 1 in Invocations
  2054 | D:2      | Found a blossoming altar of Fedhas.
  2808 | D:3      | Reached skill level 1 in Short Blades
  2808 | D:3      | Reached skill level 1 in Long Blades
  2808 | D:3      | Reached skill level 1 in Maces & Flails
  2808 | D:3      | Reached skill level 1 in Polearms
  2808 | D:3      | Reached skill level 1 in Staves
  2808 | D:3      | Reached skill level 1 in Slings
  2808 | D:3      | Reached skill level 1 in Bows
  2808 | D:3      | Reached skill level 1 in Crossbows
  2808 | D:3      | Reached skill level 1 in Stealth
  2808 | D:3      | Reached skill level 1 in Shields
  2808 | D:3      | Reached skill level 1 in Unarmed Combat
  2808 | D:3      | Reached skill level 1 in Evocations
  2866 | D:3      | Reached XP level 4. HP: 36/38 MP: 11/11
  2877 | D:3      | Found a bloodstained altar of Trog.
  3079 | D:3      | Reached skill level 1 in Conjurations
  3079 | D:3      | Reached skill level 1 in Hexes
  3079 | D:3      | Reached skill level 1 in Summonings
  3079 | D:3      | Reached skill level 1 in Necromancy
  3079 | D:3      | Reached skill level 1 in Transmutations
  3079 | D:3      | Reached skill level 1 in Fire Magic
  3079 | D:3      | Reached skill level 1 in Ice Magic
  3079 | D:3      | Reached skill level 1 in Air Magic
  3079 | D:3      | Reached skill level 1 in Earth Magic
  3079 | D:3      | Reached skill level 1 in Poison Magic
  3582 | D:3      | Reached XP level 5. HP: 43/43 MP: 9/12
  4320 | D:4      | Reached skill level 2 in Invocations
  4320 | D:4      | Reached XP level 6. HP: 39/50 MP: 13/13
  4344 | D:4      | Got an ancient hunting sling
  4649 | D:4      | Reached skill level 5 in Fighting
  4649 | D:4      | Reached skill level 5 in Axes
  4649 | D:4      | Reached skill level 5 in Dodging
  4664 | D:4      | Got a jewelled scale mail
  4725 | D:4      | Identified the +8 hunting sling "Toepol" {flame, +Fly rPois
                  | MP+9 Dex-3} (You found it on level 4 of the Dungeon)
  4859 | D:4      | Reached XP level 7. HP: 56/56 MP: 15/15
  5424 | D:5      | Entered Level 5 of the Dungeon
  5430 | D:5      | Identified the +2 scale mail of Quantum Leap {Harm *Drain
                  | Str+4 Dex+3} (You found it on level 4 of the Dungeon)
  5465 | D:5      | Reached skill level 3 in Invocations
  5818 | D:5      | Reached XP level 8. HP: 56/63 MP: 15/16
  6030 | D:5      | Found a sand-covered staircase.
  6750 | D:6      | Found Omygiw's Assorted Antiques.
  6821 | D:6      | Bought a brass wand for 124 gold pieces
  7096 | D:6      | Found an opulent altar of Gozag.
  7183 | D:6      | Found a staircase to the Ecumenical Temple.
  7190 | Temple   | Entered the Ecumenical Temple
  7246 | Temple   | Became a worshipper of Qazlal Stormbringer
  7434 | D:6      | Reached skill level 4 in Invocations
  7729 | D:6      | Reached XP level 9. HP: 42/69 MP: 11/18
  8082 | D:6      | Found a glowing golden altar of the Shining One.
  8514 | D:6      | Noticed Edmund
  8525 | D:6      | Killed Edmund
  8642 | D:6      | Found a glowing silver altar of Zin.
  9056 | D:7      | Found a white marble altar of Elyvilon.
  9495 | D:7      | Reached skill level 5 in Throwing
  9495 | D:7      | Reached skill level 5 in Armour
  9510 | D:7      | Reached * piety under Qazlal
  9947 | D:7      | You fall into a shaft and drop 1 floor!
  9998 | D:7      | Paralysed by an orc for 2 turns
 10005 | D:7      | Reached skill level 5 in Invocations
 10842 | D:8      | Noticed Grum
 10848 | D:8      | Reached XP level 10. HP: 66/77 MP: 17/20
 10867 | D:8      | Killed Grum
 10868 | D:8      | Reached skill level 5 in Short Blades
 10868 | D:8      | Reached skill level 5 in Long Blades
 10868 | D:8      | Reached skill level 5 in Maces & Flails
 10868 | D:8      | Reached skill level 5 in Polearms
 10868 | D:8      | Reached skill level 5 in Staves
 10868 | D:8      | Reached skill level 5 in Slings
 10868 | D:8      | Reached skill level 5 in Bows
 10868 | D:8      | Reached skill level 5 in Crossbows
 10868 | D:8      | Reached skill level 5 in Stealth
 10868 | D:8      | Reached skill level 5 in Shields
 10868 | D:8      | Reached skill level 5 in Unarmed Combat
 10868 | D:8      | Reached skill level 5 in Evocations
 10979 | D:8      | Reached ** piety under Qazlal
 11083 | D:8      | HP: 2/79 [orc warrior/cursed +0 mace (14)]
 12277 | D:8      | Found a staircase to the Lair.
 13383 | D:9      | Found a runed translucent door.
 13393 | D:9      | Found a basalt altar of Yredelemnul.
 13512 | D:9      | Reached skill level 6 in Invocations
 14107 | D:10     | Entered Level 10 of the Dungeon
 14674 | D:10     | Found a staircase to the Orcish Mines.
 14962 | D:10     | Noticed Maurice
 14969 | D:10     | Killed Maurice
 14970 | D:10     | Reached XP level 11. HP: 84/84 MP: 18/22
 15132 | Lair:1   | Entered Level 1 of the Lair of Beasts
 15336 | Lair:1   | Reached skill level 5 in Conjurations
 15336 | Lair:1   | Reached skill level 5 in Hexes
 15336 | Lair:1   | Reached skill level 5 in Summonings
 15336 | Lair:1   | Reached skill level 5 in Necromancy
 15336 | Lair:1   | Reached skill level 5 in Transmutations
 15336 | Lair:1   | Reached skill level 5 in Fire Magic
 15336 | Lair:1   | Reached skill level 5 in Ice Magic
 15336 | Lair:1   | Reached skill level 5 in Air Magic
 15336 | Lair:1   | Reached skill level 5 in Earth Magic
 15336 | Lair:1   | Reached skill level 5 in Poison Magic
 16476 | Lair:1   | Found a runed translucent gate.
 16476 | Lair:1   | Found a runed translucent gate.
 16477 | Lair:1   | Found a runed translucent gate.
 16485 | Lair:1   | Noticed Pusix's ghost (novice GnFi)
 16487 | Lair:1   | Found a viscous altar of Jiyva.
 16858 | Lair:2   | Noticed a death yak
 16860 | Lair:2   | Noticed a death yak
 16861 | Lair:2   | Noticed a death yak
 16863 | Lair:2   | Noticed a death yak
 16908 | Lair:1   | Killed a death yak
 17104 | Lair:1   | Killed a death yak
 17105 | Lair:1   | Reached skill level 7 in Invocations
 17522 | D:8      | Killed a death yak
 17652 | D:8      | Killed a death yak
 18065 | Lair:2   | Noticed a four-headed hydra
 18078 | Lair:2   | Killed a four-headed hydra
 18094 | Lair:2   | Noticed a four-headed hydra
 18106 | Lair:2   | Killed a four-headed hydra
 18121 | Lair:2   | Reached XP level 12. HP: 93/93 MP: 23/24
 18349 | Lair:2   | Noticed a five-headed hydra
 18448 | Lair:2   | Identified the +0 robe "Opuwn" {rElec rN+ Str-4 Int+5} (You
                  | found it on level 2 of the Lair of Beasts)
 18491 | Lair:2   | Noticed Maggie
 18496 | Lair:2   | Killed Maggie
 18794 | Lair:2   | Killed a five-headed hydra
 19316 | Lair:3   | Found a staircase to the Snake Pit.
 19325 | Lair:3   | Got a sparkling tin ring
 19334 | Lair:3   | Identified the ring of the Salmon {Ice rN++} (You found it
                  | on level 3 of the Lair of Beasts)
 19610 | Lair:3   | Reached skill level 8 in Invocations
 21019 | Lair:4   | Learned a level 4 spell: Iskenderun's Mystic Blast
 21409 | Lair:4   | Noticed a boulder beetle
 21415 | Lair:4   | Got a faintly glowing war axe
 21432 | Lair:4   | Killed a boulder beetle
 21451 | Lair:4   | Noticed an eight-headed hydra
 21453 | Lair:4   | Identified the +5 war axe "Worm's Wrath" {venom, *Corrode
                  | +Rage rC+ Str+8} (You found it on level 4 of the Lair of
                  | Beasts)
 21459 | Lair:4   | Killed an eight-headed hydra
 21493 | Lair:4   | Noticed Nergalle
 21507 | Lair:4   | Killed Nergalle
 21997 | Lair:3   | Reached XP level 13. HP: 24/99 MP: 26/26
 22910 | Lair:4   | Got an iridescent quarterstaff
 22911 | Lair:4   | Identified the cursed +1 quarterstaff of Patience {vorpal,
                  | rPois SInv} (You found it on level 4 of the Lair of Beasts)
 23561 | Lair:4   | Found a staircase to the Swamp.
 23949 | Lair:4   | Reached skill level 9 in Invocations
 23965 | Lair:5   | Reached *** piety under Qazlal
 24334 | Lair:5   | Found a staircase to the Slime Pits.
 25118 | Lair:6   | Entered Level 6 of the Lair of Beasts
 26002 | Lair:5   | Reached skill level 10 in Spellcasting
 26800 | Lair:5   | Reached XP level 14. HP: 62/109 MP: 28/28
 26975 | Lair:6   | Reached skill level 10 in Fighting
 26975 | Lair:6   | Reached skill level 10 in Axes
 26975 | Lair:6   | Reached skill level 10 in Dodging
 28617 | Lair:6   | Reached skill level 10 in Invocations
 28623 | Lair:6   | Reached **** piety under Qazlal
 29574 | D:10     | Identified the +5 war axe of Revolt {holy, rElec rC- Will+
                  | Stlth+} (You found it on level 10 of the Dungeon)
 29806 | D:11     | Noticed Gastronok
 29823 | D:11     | Killed Gastronok
 29942 | D:11     | Learned a level 3 spell: Mephitic Cloud
 30021 | D:11     | Found a blossoming altar of Fedhas.
 31635 | D:11     | Reached skill level 10 in Throwing
 31635 | D:11     | Reached skill level 10 in Armour
 32069 | D:12     | Reached XP level 15. HP: 111/117 MP: 29/29
 32654 | D:12     | Reached ***** piety under Qazlal
 34052 | D:14     | Reached skill level 10 in Translocations
 34819 | D:13     | Reached skill level 10 in Short Blades
 34819 | D:13     | Reached skill level 10 in Long Blades
 34819 | D:13     | Reached skill level 10 in Maces & Flails
 34819 | D:13     | Reached skill level 10 in Polearms
 34819 | D:13     | Reached skill level 10 in Staves
 34819 | D:13     | Reached skill level 10 in Slings
 34819 | D:13     | Reached skill level 10 in Bows
 34819 | D:13     | Reached skill level 10 in Crossbows
 34819 | D:13     | Reached skill level 10 in Stealth
 34819 | D:13     | Reached skill level 10 in Shields
 34819 | D:13     | Reached skill level 10 in Unarmed Combat
 34819 | D:13     | Reached skill level 10 in Evocations
 35888 | D:14     | Found a gate to the Vaults.
 36160 | D:14     | Reached skill level 11 in Invocations
 36415 | D:15     | Entered Level 15 of the Dungeon
 39045 | D:15     | Found a staircase to the Depths.
 39354 | Orc:1    | Entered Level 1 of the Orcish Mines
 39402 | D:10     | Reached XP level 16. HP: 125/125 MP: 31/31
 39865 | Orc:1    | Found a frozen archway.
 39962 | IceCv    | Entered an ice cave
 41137 | Orc:2    | Entered Level 2 of the Orcish Mines
 41312 | Orc:1    | Reached ****** piety under Qazlal
 42943 | Orc:2    | Found Jurelet's Antique Armour Shop.
 42944 | Orc:2    | Found Ugoin's Antique Weapon Shop.
 42947 | Orc:2    | Found Jahazub's General Store.
 42947 | Orc:2    | Found Ybair's Jewellery Boutique.
 43054 | Orc:2    | Bought the amulet of Vitality {Regen+ HP+15} for 1264 gold
                  | pieces
 43054 | Orc:2    | Found the amulet of Vitality {Regen+ HP+15}
 43195 | Orc:2    | Found a staircase to the Elven Halls.
 43700 | Swamp:1  | Entered Level 1 of the Swamp
 44309 | Lair:4   | Learned a level 3 spell: Ignite Poison
 44909 | Orc:2    | Bought a pair of faintly humming boots for 275 gold pieces
 44909 | Orc:2    | Identified the +2 pair of boots "Berumnowal" {rPois rF+}
                  | (You bought it in a shop on level 2 of the Orcish Mines)
 44920 | Orc:2    | Bought an embroidered cloak for 217 gold pieces
 44946 | Orc:2    | Bought a shiny troll leather armour for 522 gold pieces
 45298 | Swamp:1  | Noticed Roxanne
 45326 | Swamp:1  | Killed Roxanne
 45336 | Swamp:1  | Learned a level 5 spell: Irradiate
 45681 | Swamp:1  | Reached skill level 12 in Invocations
 46136 | Swamp:2  | Noticed a fenstrider witch
 46141 | Swamp:2  | Killed a fenstrider witch
 46142 | Swamp:2  | Reached XP level 17. HP: 133/133 MP: 33/33
 46601 | Swamp:3  | Noticed Mara
 46634 | Swamp:3  | Noticed jlumianski's illusion
 46635 | Swamp:3  | Killed Mara
 46815 | Swamp:3  | Noticed Cunur's ghost (adept OpFi)
 46831 | Swamp:3  | Found a runed translucent gate.
 46831 | Swamp:3  | Found a runed translucent gate.
 46833 | Swamp:3  | Found a runed translucent gate.
 47248 | Swamp:4  | Entered Level 4 of the Swamp
 47720 | Swamp:4  | Reached skill level 10 in Conjurations
 47720 | Swamp:4  | Reached skill level 10 in Hexes
 47720 | Swamp:4  | Reached skill level 10 in Summonings
 47720 | Swamp:4  | Reached skill level 10 in Necromancy
 47720 | Swamp:4  | Reached skill level 10 in Transmutations
 47720 | Swamp:4  | Reached skill level 10 in Fire Magic
 47720 | Swamp:4  | Reached skill level 10 in Ice Magic
 47720 | Swamp:4  | Reached skill level 10 in Air Magic
 47720 | Swamp:4  | Reached skill level 10 in Earth Magic
 47720 | Swamp:4  | Reached skill level 10 in Poison Magic
 48572 | Swamp:4  | Got a decaying rune of Zot
 49026 | Snake:1  | Entered Level 1 of the Snake Pit
 49226 | Snake:1  | Noticed Kirke
 49231 | Snake:1  | Reached XP level 18. HP: 142/142 MP: 28/34
 49240 | Snake:1  | Killed Kirke
 49570 | Snake:2  | Noticed Aizul
 49572 | Snake:2  | Noticed Vashnia
 49585 | Snake:2  | Killed Aizul
 49687 | Snake:2  | Killed Vashnia
 49773 | Snake:2  | Reached skill level 13 in Invocations
 51291 | Snake:3  | Found a transporter.
 51298 | Snake:3  | Noticed Seits's ghost (adept MiFi)
 51346 | Snake:3  | Found a transporter.
 51657 | Snake:3  | Found Ifaageif's Distillery.
 51910 | Snake:3  | Killed Seits's ghost
 52073 | Snake:3  | Got a transparent cloak
 52084 | Snake:3  | Identified the +0 cloak of Inaction {+Blink rPois} (You
                  | found it on level 3 of the Snake Pit)
 52307 | Snake:4  | Entered Level 4 of the Snake Pit
 52334 | Snake:4  | Noticed Louise
 52341 | Snake:4  | Killed Louise
 52709 | Snake:4  | Reached XP level 19. HP: 97/149 MP: 25/36
 53266 | Snake:3  | Reached XP level 20. HP: 157/157 MP: 37/37
 53267 | Snake:3  | Reached XP level 21. HP: 163/163 MP: 38/38
 53957 | Snake:4  | Got a serpentine rune of Zot
 54637 | Vaults:1 | Entered Level 1 of the Vaults
 54690 | Vaults:1 | Found Leetoapn's General Store.
 54693 | Vaults:1 | Reached skill level 14 in Invocations
 54725 | Vaults:1 | Found Hichiq's Armour Boutique.
 54823 | Vaults:1 | Noticed Donald
 54857 | D:14     | Killed Donald
 55468 | Vaults:1 | Found Ycox's Jewellery Boutique.
 55481 | Vaults:1 | Bought an uncursed ring of see invisible for 195 gold
                  | pieces
 55509 | Vaults:1 | Paralysed by a floating eye for 4 turns
 55756 | Vaults:1 | Paralysed by a floating eye for 3 turns
 55796 | Vaults:1 | Got a scorched great sword
 55797 | Vaults:1 | Identified the cursed +0 great sword of Naukia {vorpal,
                  | +Fly Int+8 Dex-5 Stlth+} (You found it on level 1 of the
                  | Vaults)
 56148 | Vaults:1 | Identified the cursed +1 leather armour of Akhluo Haly {rC+
                  | Dex+5} (You found it on level 1 of the Vaults)
 56160 | Vaults:1 | Found Yrirgh's Book Shop.
 57070 | Vaults:2 | Reached XP level 22. HP: 172/172 MP: 34/40
 57290 | Vaults:2 | Found a staircase to the Crypt.
 57290 | Vaults:2 | Found a basalt altar of Yredelemnul.
 57290 | Vaults:2 | Found an ancient bone altar of Kikubaaqudgha.
 58320 | Elf:1    | Entered Level 1 of the Elven Halls
 58452 | Elf:1    | Found a radiant altar of Vehumet.
 59024 | Elf:1    | Found a runed translucent door.
 59047 | Elf:1    | Identified the +5 quarterstaff "Rekku" {flame, rF++ Will+
                  | MP+9 Int-3}
 60096 | Elf:2    | Learned a level 2 spell: Wereblood
 60236 | Elf:2    | Found a huge runed translucent gate.
 60236 | Elf:2    | Found a huge runed translucent gate.
 60236 | Elf:2    | Found a huge runed translucent gate.
 60237 | Elf:2    | Found a huge runed translucent gate.
 60270 | Elf:2    | Found a huge runed translucent gate.
 61305 | Elf:2    | Found Mutik's Antique Armour Shop.
 61365 | Elf:3    | Entered Level 3 of the Elven Halls
 61533 | Elf:3    | Reached skill level 15 in Invocations
 62371 | Elf:3    | Identified the cursed +3 short sword "Acarineslayer"
                  | {vorpal, Int+2}
 62497 | Elf:3    | Reached XP level 23. HP: 148/169 MP: 32/41
 62928 | Elf:3    | Identified the ring "Eliraemp" {+Fly rElec rF+ Int+2
                  | Stlth+}
 63097 | Elf:3    | Identified the cursed +0 plate armour of Death Resistance
                  | {-Tele Harm Stlth+}
 63097 | Elf:3    | Identified the amulet "Ikestiup" {Faith rElec Str+8 Int-3
                  | Stlth+}
 63686 | Elf:3    | Got a crystal war axe
 63687 | Elf:3    | Identified the +3 war axe of Perversion {drain, rPois Str-3
                  | Dex+2} (You found it on level 3 of the Elven Halls)
 63795 | Elf:3    | Got twisted quicksilver dragon scales
 63808 | Elf:3    | Identified the quicksilver dragon scales "Cysty" {rN+
                  | Will+} (You found it on level 3 of the Elven Halls)
 64485 | Vaults:3 | Reached skill level 15 in Spellcasting
 64717 | Vaults:3 | Reached skill level 15 in Fighting
 64717 | Vaults:3 | Reached skill level 15 in Axes
 64717 | Vaults:3 | Reached skill level 15 in Dodging
 65691 | Vaults:3 | Identified the Almanac of the Jolly Lies
 66075 | Vaults:3 | Found a hide-covered altar of Uskayaw.
 66112 | Vaults:3 | Learned a level 6 spell: Statue Form
 66356 | Vaults:4 | Noticed Bai Suzhen
 66366 | Vaults:4 | Killed Bai Suzhen
 66445 | Vaults:4 | Reached XP level 24. HP: 189/189 MP: 42/42
 66600 | Vaults:4 | Found a runed translucent gate.
 66600 | Vaults:4 | Found a runed translucent gate.
 66600 | Vaults:4 | Found a runed translucent gate.
 66600 | Vaults:4 | Identified the cursed +1 ring mail "Coahinum" {Harm rC+ rN+
                  | Dex-2}
 66600 | Vaults:4 | Noticed dtburroughs's ghost (adept MiBe)
 66639 | Vaults:4 | Noticed Sojobo
 66661 | Vaults:4 | Killed Sojobo
 66662 | Vaults:4 | Reached skill level 15 in Throwing
 66662 | Vaults:4 | Reached skill level 15 in Armour
 66829 | Vaults:4 | Noticed Xtahua
 66849 | Vaults:4 | Killed Xtahua
 66860 | Vaults:4 | Reached skill level 16 in Invocations
 67351 | Vaults:4 | Found an iron altar of Okawaru.
 67590 | Vaults:3 | Killed dtburroughs's ghost
 67805 | Vaults:4 | Identified the Incunabulum of the Cloudy Rocks
 67840 | Vaults:5 | Entered Level 5 of the Vaults
 67874 | Vaults:4 | Reached skill level 15 in Short Blades
 67874 | Vaults:4 | Reached skill level 15 in Long Blades
 67874 | Vaults:4 | Reached skill level 15 in Maces & Flails
 67874 | Vaults:4 | Reached skill level 15 in Polearms
 67874 | Vaults:4 | Reached skill level 15 in Staves
 67874 | Vaults:4 | Reached skill level 15 in Slings
 67874 | Vaults:4 | Reached skill level 15 in Bows
 67874 | Vaults:4 | Reached skill level 15 in Crossbows
 67874 | Vaults:4 | Reached skill level 15 in Stealth
 67874 | Vaults:4 | Reached skill level 15 in Shields
 67874 | Vaults:4 | Reached skill level 15 in Unarmed Combat
 67874 | Vaults:4 | Reached skill level 15 in Evocations
 68417 | Vaults:5 | Reached XP level 25. HP: 132/197 MP: 24/43
 68847 | Vaults:5 | Identified the cursed +0 robe of the Salamander {rPois rN+
                  | Will+ SInv}
 68859 | Vaults:5 | Noticed an ancient lich
 68868 | Vaults:5 | Killed an ancient lich
 69794 | Vaults:5 | Got a silver rune of Zot
 69832 | Vaults:5 | Got a vibrating turquoise ring
 69833 | Vaults:5 | Identified the ring "Ronaijy" {rElec rPois EV+4 Int+9
                  | Stlth-} (You found it on level 5 of the Vaults)
 69860 | Vaults:5 | Got a warped silver ring
 69861 | Vaults:5 | Identified the ring "Aton" {rF+ Int+4} (You found it on
                  | level 5 of the Vaults)
 70892 | Vaults:5 | Found Pyoteigh's Distillery.
 71499 | Depths:1 | Entered Level 1 of the Depths
 71580 | Depths:1 | Got a flickering brass ring
 71648 | Depths:1 | Identified the ring "Hyate" {AC+4 Int+5 Dex-2} (You found
                  | it on level 1 of the Depths)
 71882 | Depths:1 | Found Zuofem's Gadget Shop.
 71885 | Depths:1 | Bought a wand of iceblast (6) for 220 gold pieces
 71885 | Depths:1 | Bought a wand of acid (2) for 264 gold pieces
 71885 | Depths:1 | Bought a wand of acid (10) for 616 gold pieces
 71988 | Depths:1 | Found a gateway to Hell.
 72010 | Depths:1 | Reached skill level 17 in Invocations
 72165 | Depths:1 | Found a one-way gate to the infinite horrors of the Abyss.
 73051 | Depths:1 | Learned a level 6 spell: Freezing Cloud
 73336 | Depths:2 | Reached XP level 26. HP: 74/206 MP: 19/43
 74046 | Depths:2 | Identified the +4 battleaxe of Corporal Punishment {spect,
                  | rElec Str+2 Dex+4} (You found it on level 2 of the Depths)
 74052 | Depths:2 | Got a translucent arbalest
 74053 | Depths:2 | Identified the +6 arbalest "Zalokhuff" {flame, Int+3} (You
                  | found it on level 2 of the Depths)
 75295 | Depths:2 | Found a glowing silver altar of Zin.
 75295 | Depths:2 | Found a sacrificial altar of Ru.
 75296 | Depths:2 | Found a white marble altar of Elyvilon.
 75296 | Depths:2 | Found a stormy altar of Qazlal.
 75298 | Depths:2 | Found a glowing golden altar of the Shining One.
 75298 | Depths:2 | Found a snail-covered altar of Cheibriados.
 75521 | Depths:2 | You fall into a shaft and drop 2 floors!
 75535 | Depths:4 | Found Ohaemmiph's Book Shop.
 75554 | Depths:4 | Found Lecunodgh's Antique Weapon Shop.
 75554 | Depths:4 | Found Coamnez's Assorted Antiques.
 75562 | Depths:4 | Found Nelostyu's Armour Boutique.
 75564 | Depths:4 | Paralysed by a great orb of eyes for 5 turns
 75745 | Depths:2 | Found a blossoming altar of Fedhas.
 76245 | Depths:2 | Found a runed translucent door.
 76263 | Depths:2 | Found a hazy altar of Hepliaklqana.
 76367 | Depths:2 | Reached skill level 15 in Translocations
 77148 | Depths:3 | Found a one-way gate leading to the halls of Pandemonium.
 78359 | Lair:1   | Killed Pusix's ghost
 78571 | Swamp:3  | Killed Cunur's ghost
 78970 | Depths:2 | Reached XP level 27. HP: 188/214 MP: 31/44
 80107 | Depths:3 | Noticed Boris
 80117 | Depths:3 | Killed Boris
 80118 | Depths:3 | Reached skill level 18 in Invocations
 80477 | Depths:4 | Noticed Mennas
 80499 | Depths:4 | Killed Mennas
 80752 | Depths:4 | Bought a wand of disintegration (23) for 116 gold pieces
 80991 | Depths:4 | Found a gateway to a ziggurat.
 81601 | Depths:3 | Paralysed by a floating eye for 2 turns
 81610 | Depths:4 | Noticed an ancient lich
 81638 | Depths:4 | Killed an ancient lich
 81639 | Depths:4 | Reached skill level 15 in Transmutations
 82914 | Depths:5 | Entered Level 5 of the Depths
 83072 | Depths:5 | Noticed a juggernaut
 83099 | Depths:5 | Killed a juggernaut
 84051 | Depths:5 | Found a gate to the Realm of Zot.
 84601 | Slime:1  | Entered Level 1 of the Pits of Slime
 84851 | Slime:2  | Gained mutation: You tend to lose your temper in combat. [a
                  | shining eye]
 85038 | Slime:4  | Gained mutation: Your body sometimes deteriorates upon
                  | taking damage. [a shining eye]
 85048 | Slime:4  | Gained mutation: You are weak. (Str -2) [a shining eye]
 85137 | Slime:4  | Gained mutation: You are frail. (-10% HP) [a shining eye]
 85193 | Slime:5  | Entered Level 5 of the Pits of Slime
 85225 | Slime:4  | Reached skill level 15 in Conjurations
 85225 | Slime:4  | Reached skill level 15 in Hexes
 85225 | Slime:4  | Reached skill level 15 in Summonings
 85225 | Slime:4  | Reached skill level 15 in Necromancy
 85225 | Slime:4  | Reached skill level 15 in Fire Magic
 85225 | Slime:4  | Reached skill level 15 in Ice Magic
 85225 | Slime:4  | Reached skill level 15 in Air Magic
 85225 | Slime:4  | Reached skill level 15 in Earth Magic
 85225 | Slime:4  | Reached skill level 15 in Poison Magic
 85233 | Slime:5  | Gained mutation: You are very weak. (Str -4) [a shining
                  | eye]
 85292 | Slime:5  | Noticed the Royal Jelly
 85305 | Slime:5  | Killed the Royal Jelly
 85727 | Slime:5  | Got a slimy rune of Zot
 85744 | Slime:5  | Identified the Guide on Transmigration
 85940 | Slime:5  | Identified the +2 buckler of the Slug {*Slow rPois rN+++
                  | Int+4} (You found it on level 5 of the Pits of Slime)
 85952 | Slime:5  | Identified the +6 hand axe of the Hierophant {venom, rElec}
                  | (You found it on level 5 of the Pits of Slime)
 85964 | Slime:5  | Got a flickering iron ring
 86053 | Slime:5  | Identified the +2 scale mail "Ygaar" {Str+3 Int+2} (You
                  | found it on level 5 of the Pits of Slime)
 86111 | Slime:5  | Identified the ring "Qiutuz" {rC+ Str+6 Int+6} (You found
                  | it on level 5 of the Pits of Slime)
 86485 | D:8      | Lost mutation: You are frail. (-10% HP) [potion of
                  | mutation]
 86485 | D:8      | Lost mutation: You tend to lose your temper in combat.
                  | [potion of mutation]
 86485 | D:8      | Lost mutation: You are very weak. (Str -4) [potion of
                  | mutation]
 86485 | D:8      | Lost mutation: You are weak. (Str -2) [potion of mutation]
 86485 | D:8      | Gained mutation: Potions are less effective at restoring
                  | your health. [potion of mutation]
 86485 | D:8      | Gained mutation: Your spells are a little harder to cast,
                  | but a little more powerful. [potion of mutation]
 86485 | D:8      | Gained mutation: You occasionally shout uncontrollably at
                  | your foes. [potion of mutation]
 86485 | D:8      | Gained mutation: Your mind is acute. (Int +2) [potion of
                  | mutation]
 86486 | D:8      | Lost mutation: You occasionally shout uncontrollably at
                  | your foes. [potion of mutation]
 86486 | D:8      | Lost mutation: Your mind is acute. (Int +2) [potion of
                  | mutation]
 86486 | D:8      | Gained mutation: Scrolls take you a little longer to read.
                  | [potion of mutation]
 86486 | D:8      | Gained mutation: You have large cloven feet. [potion of
                  | mutation]
 86486 | D:8      | Gained mutation: You are partially covered in icy blue
                  | scales. (AC +2) [potion of mutation]
 86487 | D:8      | Lost mutation: You have large cloven feet. [potion of
                  | mutation]
 86487 | D:8      | Lost mutation: Scrolls take you a little longer to read.
                  | [potion of mutation]
 86487 | D:8      | Lost mutation: Your body sometimes deteriorates upon taking
                  | damage. [potion of mutation]
 86487 | D:8      | Lost mutation: Your spells are a little harder to cast, but
                  | a little more powerful. [potion of mutation]
 86487 | D:8      | Gained mutation: Your natural rate of healing is unusually
                  | fast. [potion of mutation]
 86487 | D:8      | Gained mutation: Your flesh is heat resistant. (rF+)
                  | [potion of mutation]
 86692 | Zot:1    | Entered Level 1 of the Realm of Zot
 87139 | Zot:1    | Reached skill level 19 in Invocations
 87972 | Depths:1 | Voluntarily entered the Abyss.
 88980 | Depths:1 | Escaped the Abyss
 89025 | Depths:1 | Voluntarily entered the Abyss.
 89030 | Abyss:1  | Found a corrupted altar of Lugonu.
 89247 | Abyss:1  | Got a heavily runed bone amulet
 89248 | Abyss:1  | Identified the amulet "Eclusm" {Acrobat rElec Int+2 Dex+4}
                  | (You found it on level 1 of the Abyss)
 89843 | Abyss:2  | Gained mutation: Your body sometimes deteriorates upon
                  | taking damage. [a cacodemon]
 89882 | Abyss:2  | Gained mutation: You occasionally shout uncontrollably at
                  | your foes. [a neqoxec]
 89965 | Depths:1 | Escaped the Abyss
 89969 | Depths:1 | Voluntarily entered the Abyss.
 90024 | Abyss:2  | Found a corrupted altar of Lugonu.
 90041 | Abyss:2  | Found a radiant altar of Vehumet.
 90060 | Abyss:2  | Got a heavily runed scale mail
 90164 | Abyss:2  | Paralysed by accursed screaming for 1 turns
 90194 | Abyss:2  | Gained mutation: Your spells are a little easier to cast,
                  | but a little less powerful. [a neqoxec]
 90249 | Depths:1 | Escaped the Abyss
 92173 | Crypt:1  | Entered Level 1 of the Crypt
 92255 | Crypt:1  | Noticed Frederick
 92270 | Crypt:1  | Paralysed by a vampire knight for 2 turns
 92275 | Crypt:1  | Killed Frederick
 93053 | Crypt:1  | Found the +12 Vampire's Tooth {vamp}
 94453 | Crypt:2  | Learned a level 4 spell: Dispel Undead
 95047 | Crypt:3  | Entered Level 3 of the Crypt
 95414 | Crypt:3  | Identified the +3 ring mail of the Nexus {*Drain rCorr
                  | Str+8 Slay-3}
 95506 | Crypt:3  | Reached skill level 20 in Invocations
 95723 | Crypt:3  | Found a staircase to the Tomb.
 95725 | Crypt:3  | Found the +5 scythe "Finisher" {speed, eviscerate}
 96146 | Crypt:3  | Found an ancient bone altar of Kikubaaqudgha.
 96159 | Crypt:3  | Noticed an ancient lich
 96166 | Crypt:3  | Noticed an ancient lich
 96169 | Crypt:3  | Killed an ancient lich
 96169 | Crypt:3  | Noticed an ancient lich
 96177 | Crypt:3  | Killed an ancient lich
 96182 | Crypt:3  | Killed an ancient lich
 96912 | Tomb:1   | Entered Level 1 of the Tomb of the Ancients
 97582 | Tomb:1   | Noticed a royal mummy
 97596 | Tomb:1   | Killed a royal mummy
 99548 | Zig:1    | Entered Level 1 of a ziggurat
 99567 | Zig:2    | Entered Level 2 of a ziggurat
 99593 | Zig:3    | Entered Level 3 of a ziggurat
 99620 | Zig:4    | Entered Level 4 of a ziggurat
 99652 | Zig:4    | Got a pair of brightly glowing boots
 99663 | Zig:4    | Identified the cursed -5 pair of boots "Dioxip" {rC+ Int+2
                  | Stlth+} (You found it on level 4 of a ziggurat)
 99674 | Zig:5    | Entered Level 5 of a ziggurat
 99735 | Zig:6    | Entered Level 6 of a ziggurat
 99795 | Zig:6    | Learned a level 5 spell: Borgnjor's Vile Clutch
 99799 | Zig:7    | Entered Level 7 of a ziggurat
 99852 | Zig:8    | Entered Level 8 of a ziggurat
 99915 | Zig:8    | Identified the cursed +0 rapier of Exceptional Expedience
                  | {freeze, rF+ rN+ Will+ Str+4} (You found it on level 8 of a
                  | ziggurat)
 99918 | Zig:8    | Identified Motuprux's Grimoire of Unstable Bewitchment
 99928 | Zig:9    | Entered Level 9 of a ziggurat
 99933 | Zig:9    | Noticed Ycostrij the pandemonium lord
 99946 | Zig:9    | Killed Ycostrij the pandemonium lord
 99952 | Zig:9    | Identified 3 scrolls of acquirement
 99973 | Zig:9    | Got a heavily runed iron ring
 99985 | Zig:9    | Identified the ring "Ereo" {MP+9 Int+2} (You found it on
                  | level 9 of a ziggurat)
100004 | Zig:9    | Acquired the +0 tower shield "Sonohy" {rPois Str+4}
100010 | Zig:9    | Acquired the Incunabulum of Flamy Weightlessness
100014 | Zig:9    | Acquired a book of the Tempests
100036 | Zig:9    | Learned a level 8 spell: Necromutation
100045 | Zig:10   | Entered Level 10 of a ziggurat
100116 | Zig:10   | Identified the ring of Jupleram {Str+3 Int+3 Stlth+} (You
                  | found it on level 10 of a ziggurat)
100124 | Zig:10   | Identified the Handbook of Entrancing Creation
100162 | Zig:11   | Entered Level 11 of a ziggurat
100167 | Zig:11   | Noticed a juggernaut
100168 | Zig:11   | Noticed a juggernaut
100177 | Zig:11   | Killed a juggernaut
100178 | Zig:11   | Killed a juggernaut
100254 | Zig:11   | Identified the +2 pair of gloves of the Leaf {Harm +Inv
                  | Int-2 SInv} (You found it on level 11 of a ziggurat)
100297 | Zig:12   | Entered Level 12 of a ziggurat
100304 | Zig:12   | Noticed a royal mummy
100306 | Zig:12   | Noticed a royal mummy
100309 | Zig:12   | Noticed a royal mummy
100323 | Zig:12   | Killed a royal mummy
100325 | Zig:12   | Killed a royal mummy
100941 | Hell     | Entered the Vestibule of Hell
101178 | Hell     | Noticed Murray
101180 | Hell     | Noticed Geryon
101399 | Depths:1 | Killed Murray
101961 | Hell     | Reached skill level 21 in Invocations
102365 | Hell     | Killed Geryon
102594 | Hell     | Found a gateway to the decaying netherworld of Tartarus.
102652 | Hell     | Found a gateway to the ashen valley of Gehenna.
102836 | Hell     | Found a gateway to the freezing wastes of Cocytus.
102933 | Hell     | Found a gateway to the Iron City of Dis.
103102 | Geh:1    | Entered Level 1 of Gehenna
107441 | Hell     | Learned a level 5 spell: Lee's Rapid Deconstruction
109942 | Geh:5    | Reached skill level 22 in Invocations
112304 | Coc:1    | Entered Level 1 of Cocytus
116876 | Coc:3    | Learned a level 8 spell: Borgnjor's Revivification
117819 | Coc:4    | Reached skill level 23 in Invocations
121283 | Coc:6    | Found a huge runed gate.
121283 | Coc:6    | Found a huge runed gate.
121283 | Coc:6    | Found a huge runed gate.
121283 | Coc:6    | Found a huge runed gate.
121283 | Coc:6    | Found a huge runed gate.
121283 | Coc:6    | Found a huge runed gate.
121283 | Coc:6    | Found a huge runed gate.
121283 | Coc:6    | Found a huge runed gate.
121288 | Coc:6    | Found a huge runed gate.
121288 | Coc:6    | Found a huge runed gate.
121288 | Coc:6    | Found a huge runed gate.
121288 | Coc:6    | Found a huge runed gate.
121290 | Coc:6    | Found a huge runed gate.
121291 | Coc:6    | Found a huge runed gate.
121321 | Coc:6    | Found a huge runed gate.
121321 | Coc:6    | Found a huge runed gate.
121321 | Coc:6    | Found a huge runed gate.
121322 | Coc:6    | Found a huge runed gate.
121323 | Coc:6    | Found a huge runed gate.
121324 | Coc:6    | Found a huge runed gate.
121335 | Coc:6    | Found a huge runed gate.
121336 | Coc:6    | Found a huge runed gate.
121337 | Coc:6    | Found a huge runed gate.
121338 | Coc:6    | Found a huge runed gate.
121339 | Coc:6    | Found a huge runed gate.
121340 | Coc:6    | Found a huge runed gate.
121364 | Coc:6    | Found a huge runed gate.
121365 | Coc:6    | Found a huge runed gate.
121486 | Coc:6    | Found a huge runed gate.
121486 | Coc:6    | Found a huge runed gate.
121486 | Coc:6    | Found a huge runed gate.
121486 | Coc:6    | Found a huge runed gate.
121486 | Coc:6    | Found a huge runed gate.
121486 | Coc:6    | Found a huge runed gate.
121486 | Coc:6    | Found a huge runed gate.
121492 | Coc:6    | Found a huge runed gate.
122102 | Coc:6    | Noticed an ancient lich
122102 | Coc:6    | Noticed an ancient lich
122307 | Tar:1    | Entered Level 1 of Tartarus
122987 | Dis:1    | Entered Level 1 of the Iron City of Dis
123694 | Hell     | Learned a level 6 spell: Iron Shot
126137 | Dis:3    | Reached skill level 24 in Invocations
130872 | Dis:7    | Entered Level 7 of the Iron City of Dis
132334 | Hell     | Killed an ancient lich
132687 | Coc:6    | Killed an ancient lich
132867 | Coc:7    | Entered Level 7 of Cocytus
132918 | Coc:7    | Gained mutation: Potions are poor at restoring your health.
                  | [mutagenic glow]
132931 | Coc:7    | Gained mutation: You sometimes yell uncontrollably at your
                  | foes. [mutagenic glow]
132945 | Hell     | Gained mutation: You are weak. (Str -2) [mutagenic glow]
133878 | Coc:7    | Noticed Antaeus
134365 | Zot:2    | Identified the cursed +0 chain mail of Gihaeriv {rElec
                  | Regen+ rCorr} (You found it on level 2 of the Realm of Zot)
134540 | Zot:2    | Reached skill level 25 in Invocations
134676 | Zot:2    | Found a huge runed gate.
134676 | Zot:2    | Found a huge runed gate.
134676 | Zot:2    | Found a huge runed gate.
134676 | Zot:2    | Found a huge runed gate.
134676 | Zot:2    | Found a huge runed gate.
134676 | Zot:2    | Found a huge runed gate.
134676 | Zot:2    | Found a huge runed gate.
134677 | Zot:2    | Found a huge runed gate.
134678 | Zot:2    | Found a huge runed gate.
134679 | Zot:2    | Found a huge runed gate.
134681 | Zot:2    | Noticed an orb of fire
134692 | Zot:2    | Gained mutation: Armour fits poorly on your strangely
                  | shaped body. [an orb of fire]
134697 | Zot:2    | Killed an orb of fire
134703 | Zot:2    | Found a huge runed gate.
134744 | Zot:2    | Found a huge runed gate.
134745 | Zot:2    | Found a huge runed gate.
134745 | Zot:2    | Found a huge runed gate.
134745 | Zot:2    | Found a huge runed gate.
134746 | Zot:2    | Found a huge runed gate.
134793 | Zot:2    | Found a huge runed gate.
134794 | Zot:2    | Found a huge runed gate.
134795 | Zot:2    | Found a huge runed gate.
135256 | Zot:2    | Found a huge runed gate.
135256 | Zot:2    | Found a huge runed gate.
135256 | Zot:2    | Found a huge runed gate.
135256 | Zot:2    | Found a huge runed gate.
135256 | Zot:2    | Found a huge runed gate.
135256 | Zot:2    | Found a huge runed gate.
135257 | Zot:2    | Found a huge runed gate.
135258 | Zot:2    | Found a huge runed gate.
135259 | Zot:2    | Found a huge runed gate.
135305 | Zot:2    | Paralysed by a floating eye for 3 turns
135337 | Zot:2    | Identified the Reference Book on the Glacier and Moulding
135344 | Zot:2    | Got a brightly glowing jade amulet
135345 | Zot:2    | Identified the amulet "Butusid" {Reflect +Blink Int-3
                  | Slay-2 SH+5 Stlth+} (You found it on level 2 of the Realm
                  | of Zot)
135346 | Zot:2    | Identified the cursed +0 plate armour of Refuge {Int+4}
                  | (You found it on level 2 of the Realm of Zot)
136406 | D:8      | Learned a level 8 spell: Lehudib's Crystal Spear
136923 | Coc:7    | Killed Antaeus
137123 | Coc:7    | Got an icy rune of Zot
137824 | Coc:7    | Identified the +5 battleaxe of the Apocalypse {freeze,
                  | rPois rN+ Str+3} (You found it on level 7 of Cocytus)
138844 | Geh:7    | Entered Level 7 of Gehenna
140674 | Geh:7    | Identified the Papyrus of Malediction
140689 | Geh:7    | Identified Cihygg's Catalogue of the Compass
140695 | Geh:7    | Identified the +9 plate armour of the Ladybird {-Tele
                  | Int+4} (You found it on level 7 of Gehenna)
141340 | Geh:7    | Found the +7 sceptre of Asmodeus
141340 | Geh:7    | Noticed Asmodeus
141367 | Geh:7    | Killed Asmodeus
141435 | Geh:7    | Got an obsidian rune of Zot
142663 | Dis:7    | Noticed the Serpent of Hell
142685 | Dis:7    | Reached skill level 26 in Invocations
143212 | Depths:1 | Voluntarily entered the Abyss.
143234 | Abyss:1  | Found a hazy altar of Hepliaklqana.
143384 | Abyss:1  | Gained mutation: You are clumsy. (Dex -2) [a neqoxec]
143653 | Abyss:1  | Found a corrupted altar of Lugonu.
143702 | Abyss:1  | Found a stormy altar of Qazlal.
143880 | Abyss:1  | Found a stormy altar of Qazlal.
144081 | Abyss:1  | Paralysed by accursed screaming for 1 turns
144094 | Abyss:2  | Found a corrupted altar of Lugonu.
144903 | Abyss:3  | Found an opulent altar of Gozag.
145024 | Abyss:5  | Entered Level 5 of the Abyss
145099 | Abyss:5  | Gained mutation: You are frail. (-10% HP) [a neqoxec]
145162 | Abyss:5  | Lost mutation: Your natural rate of healing is unusually
                  | fast. [a neqoxec]
145169 | Abyss:5  | Gained mutation: You tend to lose your temper in combat. [a
                  | neqoxec]
145172 | Abyss:5  | Paralysed by accursed screaming for 1 turns
145173 | Depths:1 | Escaped the Abyss
145810 | Zot:3    | Found a broken altar of Ashenzari.
147454 | Zot:5    | Entered Level 5 of the Realm of Zot
147959 | Zot:5    | Noticed an ancient lich
147962 | Zot:5    | Noticed an orb of fire
147963 | Zot:5    | Noticed an orb of fire
147963 | Zot:5    | Noticed an orb of fire
147964 | Zot:5    | Noticed an orb of fire
147971 | Zot:5    | HP: 10/219 [Orb Guardian (11)]
147971 | Zot:5    | HP: 4/219 [Orb Guardian (6)]
147972 | Zot:5    | Annihilated by an Orb Guardian

Illustrated notes

Levels and vault maps discovered:
D:1:      lightli_arrival_quake, layout_basic, grunt_decor_one_mirror
D:2:      layout_basic, nicolae_ashenzari_panopticon,
          gammafunk_temple_overflow_claw, serial_forest,
          infiniplex_forest_fountain, infiniplex_forest_lined_room_3,
          infiniplex_forest_clump_curved, infiniplex_forest_straight_5,
          infiniplex_forest_split, infiniplex_forest_straight_4,
          infiniplex_forest_clump_medium, infiniplex_forest_clump_double,
          fedhas_altar_2
D:3:      cheibrodos_fertilizer, layout_loops_cross, lemuel_round_altar
D:4:      layout_gridville, serial_forest, infiniplex_forest_lined_4_way,
          infiniplex_forest_zigzag_1, infiniplex_forest_lined_room_,
          infiniplex_forest_clump_long, infiniplex_forest_clump_cross,
          infiniplex_forest_straight_1, infiniplex_forest_clump_large,
          infiniplex_forest_straight_1
D:5:      layout_gridville, nicolae_ossuary_entry_catacombs,
          kennysheep_generic_room_12
D:6:      layout_layer_cave, general_overflow_altar, marbit_many_paths,
          minmay_temple_entry_waves, serial_shops, shop, lemuel_tele_altar,
          uniq_edmund
D:7:      layout_loops_ring, elyvilon_altar_1
D:8:      layout_layer_cave, erik_lair_orcish_takeover, serial_co_window_serial,
          co_window_of_opportunity_a, co_window_of_opportunity_a,
          co_window_of_opportunity_a, co_window_corner_a, co_window_corner_a,
          co_window_of_opportunity_b, co_window_unsneaky_path_a,
          co_window_of_opportunity_b, co_window_4corner_b, glass_columns_b,
          glass_columns_a, glass_columns_a, glass_columns_a,
          minmay_fractal_squares_gapless_5, uniq_grum
D:9:      layout_cross, dk_yredelemnul_ordeal
D:10:     layout_rooms, orc_0_dummy, grunt_decor_cap, uniq_maurice
D:11:     layout_cave_pods, basic_altar, minmay_alternating_orb, uniq_gastronok
D:12:     layout_cave_pools
D:13:     layout_gridville
D:14:     layout_cave_pools, erik_vaults_2, kennysheep_cluttered_room
D:15:     hangedman_depths_entry_try_elsewhere_first, layout_layer_cave,
          grunt_decor_clamped
Temple:   zaba_magenta_temple
Lair:1:   layout_chaotic_city, gammafunk_ghost_ooze, serial_bayou_shore_b,
          serial_bayou_shore_a, lemuel_fruit_tree
Lair:2:   layout_regular_city, grunt_megastairs_2, infiniplex_staircase_pool,
          uniq_maggie
Lair:3:   layout_misc_corridors, dummy_snake_entry, lemuel_fruit_fields,
          grunt_megastairs_3, serial_bayou_shore_b
Lair:4:   layout_regular_city, palyth_hydra_swamp_entry, uniq_nergalle
Lair:5:   layout_gridlike, dpeg_slime_entry_corner
Lair:6:   evilmike_catoblepas_cave, layout_regular_city
Swamp:1:  layout_falls_marsh, hangedman_swamp_blocks, swamp_pool1,
          nicolae_swamp_hydra_murder_den, uniq_roxanne
Swamp:2:  layout_falls_marsh, evilmike_swamp_ruin_house_1
Swamp:3:  layout_basic_swamp, gammafunk_ghost_split,
          evilmike_swamp_ruin_house_6, swamp_pool2, uniq_mara
Swamp:4:  swamp_basic_johnstein, layout_basic_swamp, infiniplex_staircase_pool_2
Snake:1:  layout_rooms, serial_bayou_shore_b, serial_bayou_shore_b, uniq_kirke
Snake:2:  layout_honeycomb, grunt_ministairs_3, grunt_megastairs_1,
          serial_bayou_shore_b, uniq_vashnia, uniq_aizul
Snake:3:  layout_misc_corridors, serial_shops, nicolae_shop_window_shopping,
          gammafunk_ghost_berserking_beasts
Snake:4:  snake_pit, layout_cave_pods, chequers_hall_statues_y, uniq_louise
Slime:1:  layout_caves
Slime:2:  layout_caves
Slime:3:  layout_caves
Slime:4:  layout_caves
Slime:5
Orc:1:    layout_diamond_mine, portal_ice_cave_demonic_guard, serial_shops,
          library_closet
Orc:2:    st_orc_congregation, layout_caves
Elf:1:    eino_elf_arrival_altar, layout_geoelf_octagon, minivault_28,
          minivault_13
Elf:2:    layout_geoelf_diagonals, serial_shops, nicolae_shop_window_shopping,
          minivault_14, lemuel_flamethrower_hall
Elf:3:    minmay_elf_hall, layout_loops_corners
Vaults:1: v_misc_1, hangedman_vaults_nails, nicolae_vaults_quartermaster,
          ontoclasm_vaults_gateway, grunt_vaults_focal, vaults_mumra_hexcomb,
          hangedman_vaults_maws, nicolae_vaults_little_squares_1,
          grunt_vaults_swirl, v_alt_pattern_4, vaults_mumra_hex,
          nicolae_vaults_little_squares_1, nicolae_vaults_asterisk,
          nicolae_vaults_asterisk, layout_vaults_omnicross, serial_shops,
          nicolae_shop_window_shopping, shop, nicolae_shop_trees, shop,
          uniq_donald
Vaults:2: nicolae_vaults_little_squares_2, v_pattern_3,
          minmay_crypt_entry_necro_gods, vaults_room_hangedman_quadrants,
          grunt_vaults_hallway_long, v_misc_23, layout_vaults_omnigrid
Vaults:3: v_misc_11, nicolae_vaults_big_angled_halls,
          vaults_mumra_minichess_inversion, v_rooms_6, v_misc_8,
          nicolae_vaults_asterisk, nicolae_vaults_rhombus_5,
          nicolae_vaults_little_squares_4, grunt_vaults_hallway_short,
          nicolae_vaults_meeting, ontoclasm_vaults_loading_screen,
          layout_vaults_big_room, basic_altar
Vaults:4: gammafunk_vaults_ghost_fury_of_okawaru, grunt_vaults_hallway_short,
          nicolae_vaults_theta, nicolae_vaults_stairing_the_circle,
          vaults_room_octagon, nicolae_vaults_little_squares_2, v_misc_4,
          nicolae_vaults_angled_halls, v_misc_4, v_misc_17, v_alt_pattern_1,
          v_misc_28, ontoclasm_vaults_decontamination, layout_vaults_omnibox,
          uniq_xtahua, uniq_bai_suzhen, uniq_sojobo
Vaults:5: serial_shops
Crypt:1:  layout_misc_corridors, corexii_hall_statues_i,
          minmay_guarded_unrand_vampires_tooth, grunt_crypt_arrival_split,
          uniq_frederick, uniq_margery
Crypt:2:  layout_misc_corridors, mu_enter_wizlab_4, st_stairs_1,
          minmay_misc_feat_rows, grunt_megastairs_5
Crypt:3:  quadcrypt_mu
Tomb:1
Depths:1: layout_basic, serial_shops, kennysheep_mini_moat,
          minmay_misc_feat_diagonals, hell_entry, abyss_entry,
          minmay_liquid_box, drop_trap, grunt_decor_junction, nooodl_orcs_dogs,
          infiniplex_staircase_pool_lava
Depths:2: minmay_the_grid_ultimate [minmay_the_grid_prize_four_corners,
          minmay_the_grid_prize_trominoes, minmay_the_grid_prize_diamond_cup,
          minmay_the_grid_prize_inner_circle,
          minmay_the_grid_square_5x5_misaligned,
          minmay_the_grid_square_5x5_dogpile, minmay_the_grid_square_5x5_v,
          minmay_the_grid_square_5x5_two,
          minmay_the_grid_square_5x5_checkered_statues,
          minmay_the_grid_square_5x5_inner_z, minmay_the_grid_square_5x5_bridge,
          minmay_the_grid_square_5x5_comb, minmay_the_grid_square_5x5_checkered,
          minmay_the_grid_square_5x5_six_small,
          minmay_the_grid_square_5x5_shrine1,
          minmay_the_grid_square_5x5_intrusive_squares,
          minmay_the_grid_square_5x5_pentomino_r,
          minmay_the_grid_square_5x5_fancy_junction,
          minmay_the_grid_square_5x5_inner_i,
          minmay_the_grid_triangle_9x9_subtriangle,
          minmay_the_grid_triangle_9x9_pentomino_pain,
          minmay_the_grid_triangle_9x9_windchime,
          minmay_the_grid_triangle_9x9_flanged_cone,
          minmay_the_grid_triangle_9x9_impossible_snake,
          minmay_the_grid_triangle_9x9_wacky_v,
          minmay_the_grid_triangle_9x9_minimal,
          minmay_the_grid_triangle_9x9_sparse_checkered,
          minmay_the_grid_triangle_9x9_empty,
          minmay_the_grid_triangle_9x9_corrupted_corridor,
          minmay_the_grid_triangle_9x9_empty,
          minmay_the_grid_triangle_9x9_corruption,
          minmay_the_grid_triangle_9x9_shrine,
          minmay_the_grid_triangle_9x9_cache,
          minmay_the_grid_triangle_9x9_stretched_checkered,
          minmay_the_grid_triangle_9x9_zippers_horizontal,
          minmay_the_grid_square_5x5_empty, minmay_the_grid_octo_fan_narrow,
          minmay_the_grid_octo_vomiting_pacman, minmay_the_grid_octo_shrine,
          minmay_the_grid_octo_focus, minmay_the_grid_octo_tetromino_candy,
          minmay_the_grid_octo_clover, minmay_the_grid_octo_horde,
          minmay_the_grid_octo_checkerflower, minmay_the_grid_medium_cups,
          minmay_the_grid_large_cup, minmay_the_grid_tiny_cups,
          minmay_the_grid_zigzag_pyramid], hell_entry
Depths:3: constructs_gauntlet_mu_hangedman, layout_honeycomb,
          corexii_corridor_pit, grunt_pan_entry_in_and_out, hell_entry
Depths:4: minmay_connected_triangles_in_corner, layout_gridlike,
          enter_ziggurat_f, hellmouth_1, abyss_entry_glasseish,
          minmay_shoptagon, uniq_mennas
Depths:5: evilmike_zot_entry_basic, layout_long_grid, hell_entry, abyss_entry,
          hangedman_abyss_or_decor_jellyfish_corner,
          roderic_lattice_octagonal_star
Hell
Dis:1:    layout_jigsaw
Dis:2:    layout_overlapping_boxes
Dis:3:    layout_jigsaw
Dis:4:    layout_jigsaw, hangedman_dis_decor_blocks_crown
Dis:5:    layout_gridville
Dis:6:    layout_subdivisions
Dis:7:    iron_city_of_dis [dis_mu, dis_wall_5], layout_chaotic_city
Geh:1:    layout_gehenna_pools_basic
Geh:2:    layout_gehenna_lava_caves
Geh:3:    layout_gehenna_pools_box
Geh:4:    layout_gehenna_lava_caves, gehenna_fire_generator
Geh:5:    layout_gehenna_pools_box, nicolae_geh_sunburst
Geh:6:    layout_gehenna_pools_box
Geh:7:    evilmike_geh
Coc:1:    layout_cocytus_water_paths
Coc:2:    layout_ice_bergs
Coc:3:    layout_cocytus_water_paths
Coc:4:    layout_ice_bergs
Coc:5:    layout_ice_bergs
Coc:6:    layout_cocytus_water_paths, door_vault
Coc:7:    coc_dpeg
Tar:1:    layout_grid_maze
Zot:1:    layout_gridlike
Zot:2:    layout_gridville, bh_zot_ikea_curve, not_door_vault_due
Zot:3:    kennysheep_bubbly, layout_twisted_circle, basic_altar,
          grunt_ministairs_1
Zot:4:    infiniplex_zot_generator, layout_misc_corridors
Zot:5:    layout_gridlike

Skill      XL: |  1  2  3  4  5  6  7  8  9 10 11 12 13 14 15 16 17 18 19 20 21 22 23 24 25 26 27 |
---------------+----------------------------------------------------------------------------------+-----
Spellcasting   | 5 6 7 8 9 10 11 12 13 14 15 16 17 25 | 25.2
Invocations    | 1 2 3 4 5 6 7 8 9 10 11 12 13 14 15 16 17 26 | 26.6
Short Blades   | 1 2 3 4 5 6 7 8 9 10 11 12 13 14 15 16 24 | 24.9
Long Blades    | 1 2 3 4 5 6 7 8 9 10 11 12 13 14 15 16 24 | 24.9
Maces & Flails | 1 2 3 4 5 6 7 8 9 10 11 12 13 14 15 16 24 | 24.9
Polearms       | 1 2 3 4 5 6 7 8 9 10 11 12 13 14 15 16 24 | 24.9
Staves         | 1 2 3 4 5 6 7 8 9 10 11 12 13 14 15 16 25 | 25.0
Slings         | 1 2 3 4 5 6 7 8 9 10 11 12 13 14 15 16 24 | 24.9
Bows           | 1 2 3 4 5 6 7 8 9 10 11 12 13 14 15 16 25 | 25.0
Crossbows      | 1 2 3 4 5 6 7 8 9 10 11 12 13 14 15 16 24 | 24.9
Stealth        | 1 2 3 4 5 6 7 8 9 10 11 12 13 14 15 16 24 | 24.9
Shields        | 1 2 3 4 5 6 7 8 9 10 11 12 13 14 15 16 24 | 24.9
Unarmed Combat | 1 2 3 4 5 6 7 8 9 10 11 12 13 14 15 16 24 | 24.9
Evocations     | 1 2 3 4 5 6 7 8 9 10 11 12 13 14 15 16 24 | 24.9
Conjurations   | 1 2 3 4 5 6 7 8 9 10 11 12 13 14 21 | 21.7
Hexes          | 1 2 3 4 5 6 7 8 9 10 11 12 13 14 21 | 21.7
Summonings     | 1 2 3 4 5 6 7 8 9 10 11 12 13 14 21 | 21.7
Necromancy     | 1 2 3 4 5 6 7 8 9 10 11 12 13 14 21 | 21.7
Transmutations | 1 2 3 4 5 6 7 8 9 10 11 12 13 14 24 | 24.4
Fire Magic     | 1 2 3 4 5 6 7 8 9 10 11 12 13 14 21 | 21.7
Ice Magic      | 1 2 3 4 5 6 7 8 9 10 11 12 13 14 21 | 21.7
Air Magic      | 1 2 3 4 5 6 7 8 9 10 11 12 13 14 21 | 21.7
Earth Magic    | 1 2 3 4 5 6 7 8 9 10 11 12 13 14 21 | 21.7
Poison Magic   | 1 2 3 4 5 6 7 8 9 10 11 12 13 14 25 | 25.3
Throwing       | 3 4 5 6 7 8 9 10 11 12 13 14 15 16 25 | 25.0
Armour         | 3 4 5 6 7 8 9 10 11 12 13 14 15 16 25 | 25.0
Fighting       | 5 6 7 8 9 10 11 12 13 14 15 16 17 25 | 25.1
Axes           | 5 6 7 8 9 10 11 12 13 14 15 16 17 25 | 25.1
Dodging        | 5 6 7 8 9 10 11 12 13 14 15 16 17 25 | 25.1
Translocations | 6 7 8 9 10 11 12 13 14 15 22 | 22.1

Action                   |  1- 3 |  4- 6 |  7- 9 | 10-12 | 13-15 | 16-18 | 19-21 | 22-24 | 25-27 || total
-------------------------+-------+-------+-------+-------+-------+-------+-------+-------+-------++-------
Melee: Hand axe          |   177 |   146 |    84 |       |       |       |       |       |       ||   407
       Bite              |     9 |    24 |    32 |    47 |   161 |   173 |    92 |   141 |  1521 ||  2200
       Punch             |     1 |     3 |     1 |     5 |    63 |    25 |       |       |       ||    98
       Battleaxe         |       |       |   101 |   252 |       |       |       |       |       ||   353
       War axe           |       |       |       |   145 |  1083 |  1308 |   476 |   373 |   459 ||  3844
       Broad axe         |       |       |       |       |       |       |    70 |   749 |  8524 ||  9343
       Staff             |       |       |       |       |       |       |       |       |   172 ||   172
       Unarmed           |       |       |       |       |       |       |       |       |   186 ||   186
       Trishula          |       |       |       |       |       |       |       |       |    39 ||    39
 Fire: Hunting sling     |       |     6 |   174 |   159 |   168 |   110 |       |     4 |    10 ||   631
Throw: Dart              |     2 |    24 |       |    54 |    33 |    17 |     6 |     1 |       ||   137
       Javelin           |       |       |       |       |     2 |       |       |       |       ||     2
       Boomerang         |       |       |       |       |       |       |       |       |   181 ||   181
 Cast: Gell's Gravitas   |     1 |     1 |    38 |    13 |    26 |    22 |     2 |     5 |    28 ||   136
       Blink             |       |     5 |    17 |    51 |    22 |    10 |       |     4 |    16 ||   125
       Iskenderun's Myst |       |       |       |     4 |    44 |     2 |     5 |     7 |   114 ||   176
       Mephitic Cloud    |       |       |       |       |     8 |    46 |    11 |    33 |    84 ||   182
       Ignite Poison     |       |       |       |       |       |    47 |    13 |    32 |    86 ||   178
       Irradiate         |       |       |       |       |       |    17 |     7 |    22 |   241 ||   287
       Wereblood         |       |       |       |       |       |       |       |    13 |   187 ||   200
       Statue Form       |       |       |       |       |       |       |       |    11 |   205 ||   216
       Freezing Cloud    |       |       |       |       |       |       |       |       |    31 ||    31
       Necromutation     |       |       |       |       |       |       |       |       |    26 ||    26
       Lehudib's Crystal |       |       |       |       |       |       |       |       |    10 ||    10
       Iron Shot         |       |       |       |       |       |       |       |       |    10 ||    10
       Borgnjor's Vile C |       |       |       |       |       |       |       |       |     9 ||     9
       Lee's Rapid Decon |       |       |       |       |       |       |       |       |     6 ||     6
       Dispel Undead     |       |       |       |       |       |       |       |       |     3 ||     3
       Borgnjor's Revivi |       |       |       |       |       |       |       |       |     1 ||     1
Invok: Upheaval          |       |       |       |     4 |     1 |     2 |     1 |     8 |    71 ||    87
       Elemental Force   |       |       |       |       |     2 |     5 |     2 |     1 |    13 ||    23
       Disaster Area     |       |       |       |       |       |       |       |       |     2 ||     2
 Abil: Evoke Flight      |       |       |       |       |       |       |       |       |     8 ||     8
       End Transformatio |       |       |       |       |       |       |       |       |     3 ||     3
Evoke: Wand              |       |     2 |     3 |     4 |     6 |     8 |       |     1 |    21 ||    45
       Condenser vane    |       |       |       |       |     1 |       |     1 |     1 |     2 ||     5
       Lightning rod     |       |       |       |       |       |     1 |       |       |       ||     1
       Tin of tremorston |       |       |       |       |       |       |       |     2 |     7 ||     9
       Horn of Geryon    |       |       |       |       |       |       |       |       |     3 ||     3
       Phial of floods   |       |       |       |       |       |       |       |       |     1 ||     1
  Use: Potion            |     1 |     3 |       |     9 |     4 |     1 |     5 |       |    14 ||    37
       Scroll            |       |     1 |     9 |    15 |    16 |    10 |    10 |    11 |    67 ||   139
 Stab: Sleeping          |       |       |     3 |       |       |       |       |       |       ||     3
       Confused          |       |       |       |       |    13 |     6 |       |    10 |    10 ||    39
       Distracted        |       |       |       |       |     1 |     4 |       |     2 |    40 ||    47
       Petrifying        |       |       |       |       |       |       |       |       |     5 ||     5
       Petrified         |       |       |       |       |       |       |       |       |     5 ||     5
Armor: Leather armour    |     9 |       |       |       |       |       |       |       |       ||     9
       Ring mail         |    54 |    45 |    83 |    97 |   337 |   135 |       |       |       ||   751
       Troll leather arm |       |       |       |       |       |   208 |    79 |   139 |       ||   426
       Quicksilver drago |       |       |       |       |       |       |       |    90 |  1326 ||  1416
       Skin              |       |       |       |       |       |       |       |   164 |  1244 ||  1408
Dodge: Dodged            |   150 |    98 |   214 |   509 |  1312 |  1356 |   336 |   867 |  6919 || 11761
       Repelled          |       |       |       |       |     5 |    45 |    14 |    21 |   183 ||   268
Block: Other             |       |       |     3 |    62 |   300 |   186 |       |       |       ||   551
       Buckler           |       |       |       |       |       |   995 |   547 |  1241 |  9705 || 12488
       Reflection        |       |       |       |       |       |    55 |    99 |   145 |   249 ||   548
